 Dungeon Crawl Stone Soup version 0.31.0-11-ge490571c62 (webtiles) character file.

Game seed: 18409492427208465405

106 qw the Ducker (level 4, -1/22 HPs)
             Began as a Spriggan Hunter on Feb 5, 2024.
             Slain by Grinder (5 damage)
             ... on level 3 of the Dungeon.
             The game lasted 00:00:30 (1473 turns).

qw the Ducker (Spriggan Hunter)                     Turns: 1473, Time: 00:00:31

Health: -1/22      AC:  2    Str:  7    XL:     4   Next: 55%
Magic:  5/5        EV: 20    Int: 10    God:
Gold:   65         SH:  0    Dex: 20    Spells: 3/3 levels left

rFire   . . .        a - +0 shortbow
rCold   . . .        (shield currently unavailable)
rNeg    . . .        c - +0 robe
rPois   .            (helmet restricted)
rElec   .            (no cloak)
rCorr   .            (gloves unavailable)
SInv    +            (boots unavailable)
Will    .....        (no amulet)
Stlth   ++           (no ring)
HPRegen 0.23/turn    (no ring)
MPRegen 0.09/turn

%: no passive effects
@: about to teleport, very quick
A: very small, no large weapons, unfitting armour, see invisible, speed 3
a: no special abilities


You were on level 3 of the Dungeon.
You visited 1 branch of the dungeon, and saw 3 of its levels.

You collected 65 gold pieces.


Innate Abilities, Weirdness & Mutations

You are very small and have problems with some larger weapons.
You are too small for most types of armour.
You have supernaturally acute eyesight. (SInv)
You cover ground extremely quickly. (Speed+++)


   Skills:
 + Level 1.6 Fighting
 - Level 5.0 Ranged Weapons
 - Level 5.1 Dodging
 - Level 1.5 Stealth


You had 3 spell levels left.
You didn't know any spells.
Your spell library was empty.

Inventory:

Hand Weapons
 a - a +0 shortbow (weapon)
Armour
 c - a +0 robe (worn)
Jewellery
 f - a ring of fire
Scrolls
 i - 3 scrolls of identify {unknown}
 k - a scroll of fear {unknown}
 l - a scroll of fog {unknown}
Potions
 d - a potion of heal wounds
 e - a potion of brilliance {unknown}
 g - 2 potions of curing {unknown}
 h - a potion of enlightenment
 j - a potion of haste {unknown}

Dungeon Overview and Level Annotations

Branches:
Dungeon (3/15)

Altars:

Annotations:
D:3 Grinder


Message History

You hear the rusting of a very distant drain.
Found a stone staircase leading down.
i - 3 scrolls labelled NIORUSKERAE (gained 1)
Things that are here:
a +0 short sword; an orc corpse; a hobgoblin corpse
There is a faded altar of an unknown god here.
Things that are here:
a +0 short sword; an orc corpse; a hobgoblin corpse An endoplasm comes into view.
The endoplasm quivers.
You shoot an arrow.
The arrow hits the endoplasm but does no damage.
You shoot an arrow. The arrow hits the endoplasm.
The endoplasm is heavily wounded.
You shoot an arrow. The arrow hits the endoplasm.
You kill the endoplasm!
You hear the rusting of a very distant drain.
Grinder is nearby!
Enter note:
Enter note:
Enter note:
Enter note:
Enter note: You shoot an arrow.
The arrow barely misses Grinder.
Grinder shouts!
Grinder says, "My boss said I was rubbish.
His entrails said otherwise."
Grinder hits you.
You shoot an arrow. The arrow hits Grinder.
Grinder is lightly wounded.
Grinder sighs, "No one appreciates my work."
Grinder gestures at you. Pain shoots through your body!
You shoot an arrow. The arrow closely misses Grinder.
Grinder hits you.
You writhe in agony.
1473 ||| READING scroll of teleportation.
As you read the scroll of teleportation, it crumbles to dust.
You feel strangely unstable. Grinder hits you.
You die...
Grinder says, "Hey, I wasn't done torturing you yet!"

#.....#
#...#....##.........
#.....#
#...#.##.##..%......
###.###
#........##.........
#..#
##......####.........
##.#####...#..##
#.........
##.........#..#
####......
#......##..#.##
###.#.#..
#......#..5#.#
##...#.#..
#..........@.#
###..###....
#...<........####...##
###..
#.......##...#....###
#..
#..............####
#.. #............####
##..
###.#...........##
#... ...............##
#.##
.................#
#.## .............#
#####.#


You could see Grinder.

Vanquished Creatures
  An orc priest (D:3)
  4 adders
  3 orcs (D:3)
  4 ball pythons
  4 endoplasms
  4 giant cockroaches
  A goblin (D:1)
  5 hobgoblins
  4 kobolds
  A quokka (D:1)
  2 bats (D:3)
  2 frilled lizards (D:1)
  3 rats
38 creatures vanquished.

Notes
Turn   | Place    | Note
-------+----------+-------------------------------------------
     0 | D:1      | qw the Spriggan Hunter began the quest for the Orb.
     0 | D:1      | Reached XP level 1. HP: 10/10 MP: 2/2
     0 | D:1      | 0 ||| qw: Version: 0.3-a-160-g6735b56
     0 | D:1      | 0 ||| qw: Game counter: 6506
     0 | D:1      | 0 ||| qw: Melee chars always use a shield: true
     0 | D:1      | 0 ||| qw: God list: Okawaru
     0 | D:1      | 0 ||| qw: Allow faded altars: false
     0 | D:1      | 0 ||| qw: Do Orc after clearing Dungeon:15 true
     0 | D:1      | 0 ||| qw: Do second Lair branch before Depths: true
     0 | D:1      | 0 ||| qw: Lair rune preference: random
     0 | D:1      | 0 ||| qw: Goals: Normal
     0 | D:1      | 0 ||| PLANNING D:1-11
    62 | D:1      | Reached skill level 3 in Dodging
   164 | D:1      | Reached XP level 2. HP: 14/14 MP: 3/3
   537 | D:1      | 537 ||| READING 3 scrolls labelled DOVUAG GEQOADD.
   563 | D:1      | 563 ||| DROPPING scroll of butterflies.
   564 | D:1      | 564 ||| DROPPING 2 scrolls of torment.
   709 | D:2      | Reached XP level 3. HP: 18/18 MP: 4/4
  1083 | D:2      | 1083 ||| READING 2 scrolls labelled DYANWUFFELUV.
  1086 | D:2      | 1086 ||| DRINKING 3 coppery potions.
  1087 | D:2      | 1087 ||| DRINKING 2 emerald potions.
  1088 | D:2      | 1088 ||| DRINKING 2 amethyst potions.
  1089 | D:2      | 1089 ||| DROPPING potion of magic.
  1096 | D:3      | Noticed Grinder
  1097 | D:3      | 1097 ||| PLANNING SEWER
  1103 | D:3      | 1103 ||| STAIRDANCE
  1153 | D:3      | Found a faded altar of an unknown god.
  1158 | D:3      | HP: 1/18 [orc priest/+0 hand axe (6)]
  1159 | D:3      | 1159 ||| READING scroll of teleportation.
  1160 | D:3      | 1160 ||| DRINKING 2 potions of heal wounds.
  1270 | D:3      | Reached XP level 4. HP: 22/22 MP: 5/5
  1472 | D:3      | HP: 3/22 [Grinder (6)]
  1473 | D:3      | 1473 ||| READING scroll of teleportation.
  1473 | D:3      | Slain by Grinder

Levels and vault maps discovered:
D:1:      lightli_arrival_isolated_outpost, layout_basic, minmay_misc_feat_rows
D:2:      layout_loops_ring
D:3:      layout_rooms, mainiacjoe_overflow_alcove_2, lightli_sewer_entry_pipes,
          shapermc_ecumenical_altar_mp_highgroup, uniq_grinder

Skill      XL: |  1  2  3  4 |
---------------+-------------+-----
Dodging        | 3 4 5 |  5.1
Ranged Weapons | 5 |  5.0
Fighting       | |  1.6
Stealth        | |  1.5

Action                     |  1- 3 |  4- 6 || total
---------------------------+-------+-------++-------
   Fire: Shortbow          |    90 |    16 ||   106
    Use: Scroll            |     3 |     1 ||     4
         Potion            |     4 |       ||     4
 Armour: Robe              |     8 |     3 ||    11
  Dodge: Dodged            |    12 |       ||    12

Table legend:
 A = Non-vault XP
 B = Vault XP
 C = Vault XP percentage of total XP
 D = Non-vault monster count
 E = Vault monster count
 F = Vault count percentage of total count
                 A         B        C        D         E       F
            +---------+---------+-------+---------+---------+-------
      Total |     152 |       0 |   0.0 |      38 |       0 |   0.0
            +---------+---------+-------+---------+---------+-------
        D:1 |      24 |       0 |   0.0 |      14 |       0 |   0.0
        D:2 |      52 |       0 |   0.0 |      10 |       0 |   0.0
        D:3 |      76 |       0 |   0.0 |      14 |       0 |   0.0
            +---------+---------+-------+---------+---------+-------
